[Event "11th Arad Open 2018"]
[Site "Arad"]
[Date "2018.08.06"]
[Round "3"]
[White "Cvetkovic, Srdjan"]
[Black "Magold, Victor"]
[Result "1-0"]
[ECO "B36"]
[WhiteElo "2252"]
[BlackElo "2032"]
[Annotator "NA"]
[PlyCount "105"]
[EventDate "2018.08.05"]
[EventType "swiss"]
[EventCountry "ROU"]
[SourceTitle "playchess.com"]
[Source "ChessBase"]
[SourceQuality "1"]
[TimeControl "40/5400+30:1800+30"]

1. c4 Nf6 2. Nc3 c5 3. Nf3 Nc6 4. d4 cxd4 5. Nxd4 g6 6. e4 Nxd4 7. Qxd4 d6 8. c5 dxc5 9. Bb5+ Bd7 10. Qxc5 Bg7 11. O-O Bxb5 12. Qxb5+ Qd7 13. Qxd7+ Nxd7 14. Nd5 Rc8 15. Bf4 e6 16. Nc7+ Ke7 17. Nb5 Be5 18. Bxe5 Nxe5 19. f4 Rc5 20. fxe5 Rxb5 21. Rac1 Rxe5 22. Rc7+ Kd6 23. Rxb7 Rxe4 24. Rfxf7 Rc8 25. Rfd7+ Ke5 26. Rbc7 Rf8 27. Rc5+ Kf6 28. Rxh7 Rd8 29. Rc2 Rd1+ 30. Kf2 a5 31. Rh3 Red4 32. Re3 Rb4 33. b3 Rd6 34. Ke2 a4 35. Rc4 Rd4 36. Rxb4 Rxb4 37. Kd2 axb3 38. axb3 Rh4 39. h3 Ke7 40. Rg3 Kf7 41. Kc3 Rh8 42. b4 Rb8 43. Kc4 Rc8+ 44. Kd4 Rd8+ 45. Kc5 Rc8+ 46. Kd6 Rd8+ 47. Kc7 Rd2 48. b5 Rc2+ 49. Kb7 e5 50. b6 e4 51. Re3 Rxg2 52. Rxe4 Rb2 53. Ra4 1-0

[Event "11th Arad Open 2018"]
[Site "Arad"]
[Date "2018.08.06"]
[Round "3"]
[White "Ciorgovean, Iustin"]
[Black "Secheres, Adrian-Simion"]
[Result "1/2-1/2"]
[ECO "D30"]
[WhiteElo "2245"]
[BlackElo "2407"]
[Annotator "NA"]
[PlyCount "40"]
[EventDate "2018.08.05"]
[EventType "swiss"]
[EventCountry "ROU"]
[SourceTitle "playchess.com"]
[Source "ChessBase"]
[SourceQuality "1"]
[TimeControl "40/5400+30:1800+30"]

1. d4 d5 2. c4 e6 3. Nf3 a6 4. Bg5 Be7 5. Bxe7 Qxe7 6. Nbd2 Nf6 7. e3 O-O 8. Rc1 c6 9. Be2 Nbd7 10. O-O e5 11. dxe5 Nxe5 12. cxd5 Nxd5 13. Nxe5 Qxe5 14. Nc4 Qe7 15. Bf3 Be6 16. Qe2 Rad8 17. Rfd1 Rd7 18. Ne5 Rd6 19. Nc4 Rd7 20. Ne5 Rd6 1/2-1/2

[Event "11th Arad Open 2018"]
[Site "Arad"]
[Date "2018.08.06"]
[Round "3"]
[White "Calin, Alexandru"]
[Black "Albu, George"]
[Result "1-0"]
[ECO "B20"]
[WhiteElo "2215"]
[BlackElo "2016"]
[Annotator "NA"]
[PlyCount "73"]
[EventDate "2018.08.05"]
[EventType "swiss"]
[EventCountry "ROU"]
[SourceTitle "playchess.com"]
[Source "ChessBase"]
[SourceQuality "1"]
[TimeControl "40/5400+30:1800+30"]

1. e4 c5 2. Be2 a6 3. f4 b5 4. Nf3 Bb7 5. d3 g6 6. Be3 Bg7 7. c3 Qc7 8. Nbd2 Nf6 9. Nh4 h6 10. O-O d6 11. Qe1 e6 12. Qf2 Nbd7 13. a4 d5 14. e5 Ng8 15. axb5 axb5 16. Nb3 Bf8 17. Rxa8+ Bxa8 18. d4 c4 19. Nc5 Nxc5 20. dxc5 Ne7 21. g4 Nc6 22. Bd4 Bg7 23. b4 Rg8 24. Nf3 Bb7 25. Bd1 Bc8 26. Bc2 Bd7 27. Kh1 Kd8 28. f5 exf5 29. gxf5 Nxe5 30. f6 Bxf6 31. c6 Bxc6 32. Bb6 d4 33. Qxd4+ Kc8 34. Bxc7 Nxf3 35. Qxf6 Nd4+ 36. Kg1 Ne6 37. Qxf7 1-0

[Event "11th Arad Open 2018"]
[Site "Arad"]
[Date "2018.08.06"]
[Round "3"]
[White "Stanca, Adrian"]
[Black "Georgescu, Cristian"]
[Result "0-1"]
[ECO "C45"]
[WhiteElo "2208"]
[BlackElo "2015"]
[Annotator "NA"]
[PlyCount "80"]
[EventDate "2018.08.05"]
[EventType "swiss"]
[EventCountry "ROU"]
[SourceTitle "playchess.com"]
[Source "ChessBase"]
[SourceQuality "1"]
[TimeControl "40/5400+30:1800+30"]

1. e4 e5 2. Nf3 Nc6 3. d4 exd4 4. Nxd4 Nf6 5. Nxc6 bxc6 6. e5 Qe7 7. Qe2 Nd5 8. c4 Ba6 9. Qe4 Nf6 10. Qe2 Nd5 11. Qe4 Nf6 12. Qe2 Nd5 13. b3 O-O-O 14. Bb2 f6 15. Qe4 Nb6 16. Nd2 fxe5 17. O-O-O Re8 18. Re1 Qf7 19. c5 Bxf1 20. cxb6 Bb5 21. bxa7 Kb7 22. Qe3 Bb4 23. a3 Ba5 24. a4 Ba6 25. Qc5 Bxd2+ 26. Kxd2 Qxb3 27. Bc3 Qa2+ 28. Ke3 Qxa4 29. g3 Bb5 30. Ra1 Qc2 31. Kf3 e4+ 32. Kg2 e3 33. Rhb1 Qxf2+ 34. Kh3 Qe2 35. Ra5 Ka8 36. Raxb5 cxb5 37. Rxb5 Qf1+ 38. Kg4 Re4+ 39. Kg5 h6+ 40. Kg6 Rg4+ 0-1

[Event "11th Arad Open 2018"]
[Site "Arad"]
[Date "2018.08.06"]
[Round "3"]
[White "Zubcu, Vlad-George"]
[Black "Mircov, Nicola-Alexandar"]
[Result "1-0"]
[ECO "D32"]
[WhiteElo "2202"]
[BlackElo "1891"]
[Annotator "NA"]
[PlyCount "63"]
[EventDate "2018.08.05"]
[EventType "swiss"]
[EventCountry "ROU"]
[SourceTitle "playchess.com"]
[Source "ChessBase"]
[SourceQuality "1"]
[TimeControl "40/5400+30:1800+30"]

1. d4 d5 2. c4 e6 3. Nc3 c5 4. cxd5 cxd4 5. Qxd4 Nc6 6. Qd1 exd5 7. e3 d4 8. exd4 Qxd4 9. Be3 Qb4 10. Nge2 Bf5 11. a3 Qe7 12. Qa4 Nf6 13. Nd4 Bd7 14. Ndb5 Ne5 15. O-O-O Bc6 16. Bf4 g5 17. Bxe5 Qxe5 18. Bc4 Qf4+ 19. Kb1 Bc5 20. g3 Qb8 21. Rhe1+ Kf8 22. Qb3 Kg7 23. Nd4 Bxd4 24. Rxd4 Qc7 25. h4 h6 26. hxg5 hxg5 27. Qc2 Rhe8 28. Red1 Bf3 29. Qf5 Bxd1 30. Qxg5+ Kf8 31. Qxf6 Rad8 32. Rh4 1-0

[Event "11th Arad Open 2018"]
[Site "Arad"]
[Date "2018.08.06"]
[Round "3"]
[White "Chima, Radu-Niculin"]
[Black "Swayams, Mishra"]
[Result "0-1"]
[ECO "C12"]
[WhiteElo "2094"]
[BlackElo "2467"]
[Annotator "ChessBase"]
[PlyCount "64"]
[EventDate "2018.08.05"]
[EventType "swiss"]
[EventCountry "ROU"]
[SourceTitle "playchess.com"]
[Source "ChessBase"]
[SourceQuality "1"]
[TimeControl "40/5400+30:1800+30"]

1. e4 e6 2. d4 d5 3. Nc3 Nf6 4. Bg5 Bb4 5. e5 h6 6. Bd2 Bxc3 7. bxc3 Ne4 8. Bd3 Nxd2 9. Qxd2 c5 10. Nf3 c4 11. Be2 Qa5 12. O-O Qa3 13. Rfb1 Nd7 14. Rb4 Nb6 15. Qc1 Qxc3 16. Rab1 Bd7 17. Qb2 Na4 18. Qxc3 Nxc3 19. Re1 b5 20. a3 a5 21. Rb2 b4 22. Kf1 bxa3 23. Rb7 a2 24. Ra1 Ke7 25. Rb2 Rhb8 26. Rbxa2 Nxa2 27. Rxa2 Rb1+ 28. Ne1 a4 29. Ra3 Rab8 30. f4 Rc1 31. Kf2 Rbb1 32. Nf3 Rxc2 0-1

[Event "11th Arad Open 2018"]
[Site "Arad"]
[Date "2018.08.06"]
[Round "3"]
[White "Craciun, Alexandru-Emilian"]
[Black "Sanduleac, Vasile"]
[Result "0-1"]
[ECO "B06"]
[WhiteElo "2069"]
[BlackElo "2420"]
[Annotator "NA"]
[PlyCount "86"]
[EventDate "2018.08.05"]
[EventType "swiss"]
[EventCountry "ROU"]
[SourceTitle "playchess.com"]
[Source "ChessBase"]
[SourceQuality "1"]
[TimeControl "40/5400+30:1800+30"]

1. e4 g6 2. d4 Bg7 3. f4 d5 4. e5 Nh6 5. c3 b6 6. Nd2 O-O 7. Ndf3 Ba6 8. Bxa6 Nxa6 9. Ne2 c5 10. O-O Qd7 11. Be3 Rac8 12. h3 f6 13. Qd2 e6 14. g4 cxd4 15. Bxd4 f5 16. g5 Nf7 17. h4 Nc5 18. Bxc5 bxc5 19. h5 Rfd8 20. Kg2 Qc6 21. Kg3 gxh5 22. Rh1 h6 23. Rxh5 hxg5 24. Nxg5 Nxg5 25. Rxg5 Kf7 26. Rh1 Rh8 27. Rgh5 Rcg8 28. Kf2 Rxh5 29. Rxh5 Bf8 30. Rh7+ Rg7 31. Rxg7+ Bxg7 32. Ng1 Bh6 33. Ne2 Qa4 34. a3 Bf8 35. Kg3 Qe4 36. Ng1 Bh6 37. Nf3 c4 38. Nd4 Qxe5 39. Nc6 Qc7 40. Nd4 e5 41. Ne2 Bxf4+ 42. Nxf4 exf4+ 43. Kf3 Qe5 {[%emt 0:00:15] Ke4} 0-1

[Event "11th Arad Open 2018"]
[Site "Arad"]
[Date "2018.08.06"]
[Round "3"]
[White "Marin, Irina-Luiza"]
[Black "Bogdan, Dan"]
[Result "0-1"]
[ECO "A10"]
[WhiteElo "2056"]
[BlackElo "2382"]
[Annotator "NA"]
[PlyCount "78"]
[EventDate "2018.08.05"]
[EventType "swiss"]
[EventCountry "ROU"]
[SourceTitle "playchess.com"]
[Source "ChessBase"]
[SourceQuality "1"]
[TimeControl "40/5400+30:1800+30"]

1. c4 d6 2. g3 e5 3. Bg2 Nc6 4. Nc3 g6 5. e4 Bg7 6. Nge2 Be6 7. d3 Nge7 8. O-O O-O 9. Nd5 Qd7 10. Be3 f5 11. Qd2 Rf7 12. Rae1 Raf8 13. b4 a6 14. a4 Nd8 15. b5 axb5 16. axb5 Nc8 17. Bh6 Bxh6 18. Qxh6 c6 19. bxc6 bxc6 20. Ndc3 f4 21. gxf4 exf4 22. f3 Rg7 23. Nxf4 Nf7 24. Qh4 g5 25. Qg3 gxf4 26. Qxf4 Ng5 27. Qe3 Nh3+ 28. Kh1 Nf4 29. Rg1 Ne7 30. Ne2 Nxe2 31. Qxe2 Ng6 32. d4 Nf4 33. Qc2 Qf7 34. d5 Nxg2 35. dxe6 Qxf3 36. Qxg2 Rxg2 37. Rxg2+ Kh8 38. Kg1 Qf6 39. e5 dxe5 0-1

[Event "11th Arad Open 2018"]
[Site "Arad"]
[Date "2018.08.06"]
[Round "3"]
[White "Coca, Cristi-Iulian"]
[Black "Yordanov, Lachezar"]
[Result "0-1"]
[ECO "B15"]
[WhiteElo "2024"]
[BlackElo "2314"]
[Annotator "NA"]
[PlyCount "114"]
[EventDate "2018.08.05"]
[EventType "swiss"]
[EventCountry "ROU"]
[SourceTitle "playchess.com"]
[Source "ChessBase"]
[SourceQuality "1"]
[TimeControl "40/5400+30:1800+30"]

1. e4 c6 2. d4 d5 3. Nc3 b5 4. a3 dxe4 5. Nxe4 Bf5 6. Ng3 Bg6 7. N1e2 e6 8. Nf4 Bd6 9. Nfh5 Bxg3 10. hxg3 Bxh5 11. Rxh5 Nf6 12. Rh4 Nbd7 13. Bd3 Nb6 14. Qf3 Qd5 15. Qxd5 Nbxd5 16. Bd2 h6 17. f3 Kd7 18. Kf2 a5 19. Rhh1 Rhb8 20. b3 b4 21. a4 Rc8 22. Rad1 Ke7 23. f4 g6 24. Kf3 h5 25. Rhe1 Kf8 26. Bc1 Rc7 27. Bb2 Kg7 28. Rd2 Rd8 29. Rdd1 Rcd7 30. Bf1 Ng4 31. Bc4 Kg8 32. Bd3 Kf8 33. Bc4 Nh6 34. Bf1 Nf5 35. Bd3 Nde7 36. Bxf5 Nxf5 37. Re5 Rd5 38. Rd3 Ke7 39. Rxd5 Rxd5 40. Kf2 Kd7 41. Kf3 Kc7 42. Ke4 Nd6+ 43. Kf3 f5 44. Bc1 Ne4 45. Be3 Rd7 46. Bf2 Kd8 47. Bg1 Ke7 48. d5 exd5 49. Bb6 Kd6 50. Bxa5 c5 51. Bb6 Kc6 52. a5 Re7 53. Rd1 Re8 54. Rd3 d4 55. Rd1 Nf6 56. Ba7 Re3+ 57. Kf2 Rc3 0-1

[Event "11th Arad Open 2018"]
[Site "Arad"]
[Date "2018.08.06"]
[Round "3"]
[White "Carasca, Bogdan-Petru"]
[Black "Tiba, Vladyslav"]
[Result "1-0"]
[ECO "A50"]
[WhiteElo "1993"]
[BlackElo "2356"]
[Annotator "NA"]
[PlyCount "120"]
[EventDate "2018.08.05"]
[EventType "swiss"]
[EventCountry "ROU"]
[SourceTitle "playchess.com"]
[Source "ChessBase"]
[SourceQuality "1"]
[TimeControl "40/5400+30:1800+30"]

1. d4 Nf6 2. c4 g6 3. f3 Bg7 4. e4 d6 5. Be3 O-O 6. Nc3 c6 7. Nge2 Nbd7 8. Qd2 a6 9. c5 dxc5 10. dxc5 Qa5 11. a3 Ne5 12. b4 Qc7 13. Nd4 Rd8 14. Qb2 Nfg4 15. Bg1 Nf6 16. Rd1 Nh5 17. Be3 Nd7 18. Bc4 Nf8 19. Qa2 e5 20. Nde2 Be6 21. O-O Qe7 22. Na4 Bxc4 23. Qxc4 Ne6 24. Nb6 Rxd1 25. Rxd1 Rd8 26. Qc1 Nhf4 27. Bxf4 exf4 28. Nc4 Rxd1+ 29. Qxd1 Nxc5 30. Nxf4 Nd7 31. Nd3 c5 32. Kh1 b5 33. Ne3 Bd4 34. Nd5 Qd6 35. bxc5 Nxc5 36. N3b4 Bg7 37. Nc6 Kh8 38. Nce7 Ne6 39. Qc1 Qc5 40. Qxc5 Nxc5 41. Nb4 Bb2 42. Nc2 Nb3 43. Nc6 Kg7 44. N6b4 a5 45. Nc6 Kf6 46. Na7 b4 47. axb4 a4 48. b5 a3 49. b6 Nc5 50. Nb4 Ke6 51. Nac6 Kd7 52. Na7 Nd3 53. Nxd3 a2 54. Nc5+ Kd6 55. Nb3 a1=Q+ 56. Nxa1 Bxa1 57. b7 Kc7 58. Nc6 Kxb7 59. Nd8+ Kc7 60. Nxf7 Kd7 1-0

[Event "11th Arad Open 2018"]
[Site "Arad"]
[Date "2018.08.06"]
[Round "3"]
[White "Craciun, Ovidiu"]
[Black "Gheorghiu, Calin"]
[Result "0-1"]
[ECO "C11"]
[WhiteElo "1947"]
[BlackElo "2292"]
[Annotator "NA"]
[PlyCount "36"]
[EventDate "2018.08.05"]
[EventType "swiss"]
[EventCountry "ROU"]
[SourceTitle "playchess.com"]
[Source "ChessBase"]
[SourceQuality "1"]
[TimeControl "40/5400+30:1800+30"]

1. e4 e6 2. d4 d5 3. Nc3 Nf6 4. e5 Nfd7 5. f4 c5 6. Nf3 Be7 7. Ne2 Nc6 8. c3 Qb6 9. g3 f6 10. Bh3 cxd4 11. Nfxd4 Nc5 12. Nxc6 bxc6 13. Nd4 fxe5 14. fxe5 O-O 15. b4 Ne4 16. Be3 Bxb4 17. Bd2 Nxc3 18. Qg4 Ne4 0-1

[Event "11th Arad Open 2018"]
[Site "Arad"]
[Date "2018.08.06"]
[Round "3"]
[White "Fugulyan, Grigore"]
[Black "Ghimpu, Samuel-Timotei"]
[Result "0-1"]
[ECO "E32"]
[WhiteElo "1835"]
[BlackElo "2184"]
[Annotator "NA"]
[PlyCount "52"]
[EventDate "2018.08.05"]
[EventType "swiss"]
[EventCountry "ROU"]
[SourceTitle "playchess.com"]
[Source "ChessBase"]
[SourceQuality "1"]
[TimeControl "40/5400+30:1800+30"]

1. d4 e6 2. c4 Nf6 3. Nc3 Bb4 4. Qc2 b6 5. e4 Bb7 6. f3 c5 7. a3 cxd4 8. axb4 dxc3 9. bxc3 O-O 10. e5 Ne8 11. Bd3 Qh4+ 12. g3 Qh5 13. Bf4 Nc6 14. Be4 f5 15. exf6 Nxf6 16. b5 Na5 17. Bxb7 Nxb7 18. Qd3 Nc5 19. Qd6 Qf5 20. Rd1 Rac8 21. Ne2 g5 22. Nd4 Qg6 23. Be3 Nfe4 24. fxe4 Qxe4 25. Ke2 Qg2+ 26. Ke1 Qxh1+ 0-1

[Event "11th Arad Open 2018"]
[Site "Arad"]
[Date "2018.08.06"]
[Round "3"]
[White "Butusina, Samuel"]
[Black "Balla, Tamas-Kristof"]
[Result "0-1"]
[ECO "A00"]
[WhiteElo "1647"]
[BlackElo "2352"]
[Annotator "NA"]
[PlyCount "116"]
[EventDate "2018.08.05"]
[EventType "swiss"]
[EventCountry "ROU"]
[SourceTitle "playchess.com"]
[Source "ChessBase"]
[SourceQuality "1"]
[TimeControl "40/5400+30:1800+30"]

1. b4 e5 2. Bb2 Bxb4 3. Bxe5 Nf6 4. Nc3 Ba5 5. Nf3 d6 6. Bxf6 Qxf6 7. Ne4 Qe7 8. Ng3 O-O 9. e3 f5 10. Bc4+ Kh8 11. Ne2 Nd7 12. O-O Ne5 13. Nxe5 dxe5 14. f4 Rd8 15. c3 e4 16. Qc2 c5 17. Rfd1 Be6 18. Bxe6 Qxe6 19. Qb3 Qa6 20. Kf2 Rd7 21. a4 Rad8 22. Ra2 Qh6 23. h3 Qh4+ 24. Kg1 g6 25. Qe6 Bc7 26. a5 Kg7 27. Qb3 Qf6 28. Qc4 Qc6 29. g3 Rd5 30. Kf2 R8d6 31. Ke1 Qd7 32. Qb3 Bd8 33. Qc2 c4 34. Qa4 Qc7 35. Rda1 Ra6 36. Nd4 Kf7 37. Qb4 Be7 38. Qa4 Qc8 39. Rb1 b6 40. Rb5 Rxa5 41. Qxa5 bxa5 42. Rxd5 Bd8 43. Rb5 Bb6 44. Ke2 Ke7 45. Rbxa5 Bxa5 46. Rxa5 a6 47. Nc2 Qf8 48. Rxa6 Qh6 49. Ra7+ Kd6 50. h4 Qh5+ 51. Ke1 Qf3 52. Rxh7 Qxg3+ 53. Kd1 Qg1+ 54. Ke2 Ke6 55. Nd4+ Kf6 56. Nc2 Ke6 57. Ne1 Qg4+ 58. Kf1 Qg2+ 0-1

[Event "11th Arad Open 2018"]
[Site "Arad"]
[Date "2018.08.08"]
[Round "5"]
[White "Georgiev, Kiril"]
[Black "Miron, Lucian-Costin"]
[Result "1-0"]
[ECO "D17"]
[WhiteElo "2593"]
[BlackElo "2460"]
[Annotator "RC"]
[PlyCount "91"]
[EventDate "2018.08.05"]
[EventType "swiss"]
[EventCountry "ROU"]
[SourceTitle "playchess.com"]
[Source "ChessBase"]
[SourceQuality "1"]
[TimeControl "40/5400+30:1800+30"]

1. d4 d5 2. c4 c6 3. Nf3 Nf6 4. Nc3 dxc4 5. a4 Bf5 6. Ne5 e6 7. f3 Bb4 8. e4 Bxe4 9. fxe4 Nxe4 10. Bd2 Qxd4 11. Nxe4 Qxe4+ 12. Qe2 Bxd2+ 13. Kxd2 Qd5+ 14. Kc3 O-O 15. Qe3 Qa5+ 16. Kc2 b5 17. Be2 bxa4 18. Bf3 Qb5 19. Rhd1 f6 20. Nd7 Nxd7 21. Rxd7 Rab8 22. Rb1 Kh8 23. g4 c5 24. Rxa7 Rfd8 25. Be2 Rd4 26. h3 Qb6 27. Re7 e5 28. g5 e4 29. gxf6 Qxf6 30. Ra7 Qb6 31. Re7 Qf6 32. Ra7 h6 33. Rxa4 Rb3 34. Qc1 Qf2 35. Qf1 Rf3 36. Qxf2 Rxf2 37. Re1 Rh2 38. Ra3 g5 39. Re3 Kg7 40. Kc3 Kf6 41. Bxc4 Kf5 42. b4 Rc2+ 43. Kxc2 Rxc4+ 44. Rc3 Rxb4 45. Rxc5+ Kf4 46. Rc3 1-0

[Event "11th Arad Open 2018"]
[Site "Arad"]
[Date "2018.08.08"]
[Round "5"]
[White "Mastrovasilis, Dimitrios"]
[Black "Deepan Chakkravarthy J"]
[Result "1-0"]
[ECO "B40"]
[WhiteElo "2586"]
[BlackElo "2530"]
[Annotator "ChessBase"]
[PlyCount "71"]
[EventDate "2018.08.05"]
[EventType "swiss"]
[EventCountry "ROU"]
[SourceTitle "playchess.com"]
[Source "ChessBase"]
[SourceQuality "1"]
[TimeControl "40/5400+30:1800+30"]

1. e4 c5 2. Nf3 e6 3. c4 Nc6 4. d4 cxd4 5. Nxd4 Bb4+ 6. Nc3 Nf6 7. Nxc6 Bxc3+ 8. bxc3 dxc6 9. Qxd8+ Kxd8 10. e5 Nd7 11. Bf4 a5 12. h4 a4 13. h5 Ra5 14. h6 g6 15. O-O-O Ke7 16. Bg5+ f6 17. Rxd7+ Kxd7 18. Bxf6 Rg8 19. Bd3 Ke8 20. Rh4 b6 21. Rd4 Ra7 22. Rd6 Bd7 23. c5 bxc5 24. f4 a3 25. Bc4 Rb7 26. g4 Kf8 27. Kd2 Ke8 28. Ke3 Rf8 29. Kf3 Rc7 30. Kg3 Rg8 31. Kh4 Rb7 32. Bg7 Ke7 33. f5 gxf5 34. gxf5 Ra8 35. f6+ Kf7 36. Kg5 1-0

[Event "11th Arad Open 2018"]
[Site "Arad"]
[Date "2018.08.08"]
[Round "5"]
[White "Vajda, Levente"]
[Black "Gheorghiu, Calin"]
[Result "1-0"]
[ECO "A08"]
[WhiteElo "2558"]
[BlackElo "2292"]
[Annotator "ChessBase"]
[PlyCount "169"]
[EventDate "2018.08.05"]
[EventType "swiss"]
[EventCountry "ROU"]
[SourceTitle "playchess.com"]
[Source "ChessBase"]
[SourceQuality "1"]
[TimeControl "40/5400+30:1800+30"]

1. Nf3 d5 2. g3 c5 3. Bg2 Nc6 4. O-O e6 5. c4 d4 6. e3 Nf6 7. d3 Be7 8. Re1 O-O 9. exd4 cxd4 10. Na3 Re8 11. Nc2 Bf8 12. Ne5 Nxe5 13. Rxe5 Nd7 14. Re1 e5 15. Qe2 Nc5 16. b4 Na4 17. Bd2 Kh8 18. Bd5 f6 19. Qh5 g6 20. Qf3 f5 21. Bf7 e4 22. dxe4 fxe4 23. Qb3 Bg7 24. Qxa4 Rf8 25. Bd5 Qf6 26. Bf4 g5 27. Rxe4 d3 28. Be3 dxc2 29. Rc1 Bf5 30. Qxc2 Qg6 31. g4 Bxe4 32. Qxe4 Qf6 33. Qd3 Rad8 34. a4 Qh6 35. Kg2 Be5 36. h3 b6 37. Qd2 Bf6 38. b5 Qg7 39. a5 bxa5 40. Qxa5 Bd4 41. Qd2 Bxe3 42. Qxe3 Rde8 43. Qd2 Qf6 44. Rc2 Re5 45. Ra2 Re7 46. Qd3 Rg7 47. Qe3 Qf4 48. Qxf4 gxf4 49. Kf3 Re7 50. Ra6 Kg7 51. g5 Rb8 52. Rd6 Rh8 53. h4 h6 54. Kg4 hxg5 55. hxg5 Rf8 56. Ra6 Kh8 57. f3 Rc7 58. Ra2 Re7 59. Be4 Kg7 60. Rh2 Rxe4 61. fxe4 f3 62. Rf2 Rc8 63. Kxf3 Rxc4 64. Ra2 Rb4 65. Rxa7+ Kg6 66. Kf4 Rxb5 67. Ra6+ Kg7 68. e5 Rb1 69. Kf5 Rf1+ 70. Ke6 Re1 71. Ra8 Re2 72. Re8 Re1 73. Kd7 Rd1+ 74. Ke7 Ra1 75. Rd8 Kg6 76. e6 Ra7+ 77. Kf8 Rh7 78. Rd5 Rh8+ 79. Ke7 Ra8 80. Rc5 Kg7 81. Kd7 Ra1 82. Rc6 Rd1+ 83. Rd6 Ra1 84. e7 Ra7+ 85. Ke6 1-0

[Event "11th Arad Open 2018"]
[Site "Arad"]
[Date "2018.08.08"]
[Round "5"]
[White "Antal, Gergely"]
[Black "Cioara, Andrei-Nestor"]
[Result "1-0"]
[ECO "C06"]
[WhiteElo "2549"]
[BlackElo "2435"]
[Annotator "ChessBase"]
[PlyCount "75"]
[EventDate "2018.08.05"]
[EventType "swiss"]
[EventCountry "ROU"]
[SourceTitle "playchess.com"]
[Source "ChessBase"]
[SourceQuality "1"]
[TimeControl "40/5400+30:1800+30"]

1. e4 e6 2. d4 d5 3. Nd2 Nf6 4. e5 Nfd7 5. Bd3 c5 6. c3 Nc6 7. Ne2 cxd4 8. cxd4 f6 9. exf6 Nxf6 10. O-O Bd6 11. Nf3 Qc7 12. g3 O-O 13. Bf4 Ng4 14. Rc1 Bxf4 15. Nxf4 Rxf4 16. gxf4 Qxf4 17. Rc3 e5 18. Qd2 Qxd2 19. Nxd2 exd4 20. Rc5 Be6 21. Re1 Bf7 22. Bb5 Nge5 23. f4 Ng6 24. Bxc6 bxc6 25. f5 Nh4 26. Rxc6 Nxf5 27. Rec1 Ne7 28. Rc7 Kf8 29. Nf3 d3 30. Ne5 Bg6 31. Nxg6+ Nxg6 32. Rc8+ Rxc8 33. Rxc8+ Ke7 34. Kf2 Kd6 35. Rg8 Nf4 36. Ke3 g6 37. Rg7 h5 38. Kxf4 1-0

[Event "11th Arad Open 2018"]
[Site "Arad"]
[Date "2018.08.08"]
[Round "5"]
[White "Balog, Imre"]
[Black "Aczel, Gergely"]
[Result "1/2-1/2"]
[ECO "A45"]
[WhiteElo "2540"]
[BlackElo "2551"]
[Annotator "ChessBase"]
[PlyCount "75"]
[EventDate "2018.08.05"]
[EventType "swiss"]
[EventCountry "ROU"]
[SourceTitle "playchess.com"]
[Source "ChessBase"]
[SourceQuality "1"]
[TimeControl "40/5400+30:1800+30"]

1. d4 Nf6 2. Bg5 e6 3. e4 h6 4. Bxf6 Qxf6 5. Nc3 Bb4 6. Qd2 d6 7. Nf3 Nd7 8. a3 Ba5 9. Be2 O-O 10. O-O c6 11. b4 Bc7 12. Rfe1 a6 13. a4 e5 14. a5 exd4 15. Qxd4 Re8 16. Bc4 Ne5 17. Nxe5 dxe5 18. Qe3 Bd6 19. Rab1 Qe7 20. Na4 Bg4 21. h3 Bh5 22. c3 Bb8 23. Bf1 Ba7 24. Nb6 Rad8 25. Rb2 Qc7 26. Qc5 Rd7 27. Kh2 Bg6 28. Bc4 Red8 29. Qe3 Rd6 30. Bf1 Kh7 31. Be2 Qe7 32. g3 f6 33. Kg2 Bf7 34. Qc5 Qc7 35. Qe3 Be6 36. Bf1 Bf7 37. Be2 Be6 38. Bf1 1/2-1/2

[Event "11th Arad Open 2018"]
[Site "Arad"]
[Date "2018.08.08"]
[Round "5"]
[White "Gavrilescu, David"]
[Black "Tomici, Stefan"]
[Result "1-0"]
[ECO "E11"]
[WhiteElo "2468"]
[BlackElo "2306"]
[Annotator "ChessBase"]
[PlyCount "73"]
[EventDate "2018.08.05"]
[EventType "swiss"]
[EventCountry "ROU"]
[SourceTitle "playchess.com"]
[Source "ChessBase"]
[SourceQuality "1"]
[TimeControl "40/5400+30:1800+30"]

1. d4 e6 2. Nf3 Nf6 3. c4 Bb4+ 4. Nbd2 d6 5. a3 Bxd2+ 6. Bxd2 Nbd7 7. g3 b6 8. Bg2 Bb7 9. O-O O-O 10. b4 Qe7 11. Qb3 Ne4 12. Be3 h6 13. d5 Ndf6 14. Rad1 a5 15. Nh4 axb4 16. axb4 b5 17. Qc2 exd5 18. cxd5 Rfe8 19. Bd4 Ng5 20. e3 Ngh7 21. Rc1 Rac8 22. Qd3 Qd7 23. e4 c6 24. dxc6 Bxc6 25. Rfe1 Bb7 26. Rxc8 Bxc8 27. Ra1 Bb7 28. Ra7 Nxe4 29. Bxg7 Kxg7 30. Bxe4 d5 31. Bxh7 Re1+ 32. Kg2 d4+ 33. f3 Qc8 34. Nf5+ Kf8 35. Qxd4 Bxf3+ 36. Kh3 Bg2+ 37. Kxg2 1-0

[Event "11th Arad Open 2018"]
[Site "Arad"]
[Date "2018.08.08"]
[Round "5"]
[White "Costachi, Mihnea"]
[Black "Tarlev, Konstantin"]
[Result "1/2-1/2"]
[ECO "E11"]
[WhiteElo "2453"]
[BlackElo "2561"]
[Annotator "ChessBase"]
[PlyCount "93"]
[EventDate "2018.08.05"]
[EventType "swiss"]
[EventCountry "ROU"]
[SourceTitle "playchess.com"]
[Source "ChessBase"]
[SourceQuality "1"]
[TimeControl "40/5400+30:1800+30"]

1. d4 Nf6 2. c4 e6 3. Nf3 Bb4+ 4. Bd2 a5 5. Nc3 b6 6. e3 Bb7 7. Bd3 O-O 8. O-O d5 9. cxd5 exd5 10. Ne5 Nc6 11. f4 Ne7 12. f5 Nc8 13. Be1 Be7 14. Bh4 Nd6 15. Rc1 c5 16. Qf3 Re8 17. Qh3 Rc8 18. g4 Nfe4 19. f6 Bxf6 20. Bxf6 gxf6 21. Nf3 Kh8 22. Rc2 Rg8 23. Rg2 f5 24. Kh1 fxg4 25. Rxg4 Rxg4 26. Qxg4 Qf6 27. Qh3 Rg8 28. Ne5 Qg7 29. Bxe4 dxe4 30. Nb5 Bc8 31. Nxd6 Bxh3 32. Nexf7+ Qxf7 33. Nxf7+ Kg7 34. Rf4 Rf8 35. Rh4 Rxf7 36. Rxh3 Rf1+ 37. Kg2 Rb1 38. dxc5 Rxb2+ 39. Kg3 bxc5 40. Rh5 Rxa2 41. Rxc5 a4 42. Ra5 a3 43. Ra6 h5 44. h4 Kf7 45. Ra5 Ra1 46. Kf4 Rh1 47. Kxe4 1/2-1/2

[Event "11th Arad Open 2018"]
[Site "Arad"]
[Date "2018.08.08"]
[Round "5"]
[White "Womacka, Mathias"]
[Black "Cvetkovic, Srdjan"]
[Result "1/2-1/2"]
[ECO "B46"]
[WhiteElo "2450"]
[BlackElo "2252"]
[Annotator "ChessBase"]
[PlyCount "96"]
[EventDate "2018.08.05"]
[EventType "swiss"]
[EventCountry "ROU"]
[SourceTitle "playchess.com"]
[Source "ChessBase"]
[SourceQuality "1"]
[TimeControl "40/5400+30:1800+30"]

1. e4 c5 2. Nf3 e6 3. d4 cxd4 4. Nxd4 Nc6 5. Nc3 a6 6. Be2 d6 7. Be3 Nf6 8. O-O Be7 9. f4 O-O 10. Qe1 Nxd4 11. Bxd4 b5 12. a3 Bb7 13. Qg3 Qc7 14. Kh1 Rad8 15. Rae1 Bc6 16. Bf3 Qb7 17. Nd1 g6 18. Nf2 d5 19. e5 Ne4 20. Bxe4 dxe4 21. Bc3 h5 22. b4 Bd5 23. Qe3 Rc8 24. Rc1 Rxc3 25. Qxc3 e3 26. Qxe3 Bxg2+ 27. Kg1 Bxf1 28. Kxf1 Rc8 29. c3 Rc4 30. Rd1 Bh4 31. Rd4 Rxd4 32. cxd4 Bxf2 33. Kxf2 Qd5 34. Kg3 Kg7 35. h3 Qh1 36. Qd3 Qg1+ 37. Kf3 Qh2 38. Ke4 Qg2+ 39. Qf3 Qa2 40. Qe3 Qd5+ 41. Kd3 h4 42. Ke2 Qg2+ 43. Ke1 Kg8 44. Kd1 Qf1+ 45. Kd2 Kg7 46. Kc2 Kf8 47. Kd2 Ke7 48. Kc2 Kf8 1/2-1/2